 Dungeon Crawl Stone Soup version 0.29-a0-802-g34511f41fd (webtiles) character file.

Game seed: 6910971526837413140

3376 Gus979 the Frost Mage (level 9, 0/66 (74) HPs)
             Began as a Grey Draconian Ice Elementalist on July 3, 2022.
             Was a Believer of Sif Muna.
             Slain by a wight
             ... wielding a +2 flail
              (3 damage)
             ... on level 8 of the Dungeon.
             The game lasted 00:25:50 (9209 turns).

Gus979 the Frost Mage (DrIE)                        Turns: 9209, Time: 00:25:52

HP:   0/66 (74)     AC: 15    Str: 11    XL:     9   Next: 74%
MP:   18/18         EV: 12    Int: 19    God:    Sif Muna [**....]
Gold: 393           SH:  0    Dex: 12    Spells: 4/20 levels left

rFire   . . .      SeeInvis .   p - +0 spear (elec)
rCold   . . .      Faith    .   (no shield)
rNeg    . . .      Spirit   .   (body armour unavailable)
rPois   .          Reflect  .   (helmet restricted)
rElec   .          Harm     .   C - +2 cloak
rCorr   .          Rampage  .   (no gloves)
Will    .....                   (no boots)
Stlth   ++........              (no amulet)
HPRegen 0.21/turn               A - +4 ring of slaying
MPRegen 0.16/turn               (no ring)

@: sluggish, slowed, studying 2 skills, heavily drained, very slow
A: AC +12, amphibious, unfitting armour, cold-blooded
a: Renounce Religion, Channel Magic


You were on level 8 of the Dungeon.
You worshipped Sif Muna.
Sif Muna was pleased with you.
You visited 2 branches of the dungeon, and saw 9 of its levels.

You collected 393 gold pieces.

Inventory:

Hand Weapons
 b - a +0 mace
 h - a +4 spear
 p - a +0 spear of electrocution (weapon)
 t - a +0 flail
Missiles
 c - 16 boomerangs of dispersal (quivered)
 k - 2 datura-tipped darts
 u - 4 boomerangs
 v - 18 poisoned darts
Armour
 m - a +1 cloak
 C - a +2 cloak (worn)
 J - a +0 kite shield
Jewellery
 A - a +4 ring of slaying (left hand)
 E - a ring of fire
 G - an amulet of the acrobat
Wands
 r - a wand of acid (3)
 F - a wand of roots (8)
Scrolls
 e - a scroll of silence {unknown}
 g - 2 scrolls of blinking
 n - a scroll of amnesia
 o - a scroll of enchant armour
 s - a scroll of magic mapping {unknown}
 w - a scroll of vulnerability {unknown}
 x - 2 scrolls of enchant weapon {unknown}
 y - a scroll of brand weapon
 z - a scroll of fear {unknown}
 B - 2 scrolls of fog {unknown}
 H - 3 scrolls of identify
 K - a scroll of immolation {unknown}
 L - a scroll of noise {unknown}
Potions
 a - a potion of magic
 d - 4 potions of curing
 f - 3 potions of brilliance
 i - 5 potions of flight
 j - 4 potions of degeneration
 l - a potion of lignification
 q - a potion of mutation {unknown}
 D - a potion of resistance {unknown}
 I - a potion of ambrosia {unknown}


   Skills:
 * Level 5.4 Fighting
 - Level 3.9 Maces & Flails
 + Level 4.3 Polearms
 - Level 1.7 Dodging
 - Level 1.7 Stealth
 - Level 6.0 Spellcasting
 * Level 1.0 Necromancy
 * Level 8.6 Ice Magic
 * Level 2.7 Air Magic
 * Level 3.8 Invocations


You had 4 spell levels left.
You knew the following spells:

 Your Spells              Type           Power      Damage    Failure   Level
a - Freeze                Ice            100%       1d11      1%          1
b - Frozen Ramparts       Ice            76%        1d9       1%          3
c - Ozocubu's Armour      Ice            38%        N/A       1%          3
d - Swiftness             Air            16%        N/A       11%         3
e - Death Channel         Necr           4%         N/A       100%        6

Your spell library contained the following spells:

 Spells                   Type           Power      Damage    Failure   Level
 Ensorcelled Hibernation  Hex/Ice        44%        N/A       2%          2
 Shock                    Conj/Air       44%        1d5       6%          1
 Hailstorm                Conj/Ice       22%        3d7       19%         4
 Spider Form              Tmut/Pois      5%         N/A       32%         3
 Airstrike                Air            8%         0-4+      34%         4
 Corpse Rot               Necr/Pois/Air  10%        N/A       54%         4
 Dispel Undead            Necr           9%         3d8       58%         4
 Anguish                  Hex/Necr       3%         N/A       65%         4
 Borgnjor's Revivificati  Necr           4%         N/A       100%        8
 Necromutation            Tmut/Necr      3%         N/A       100%        8
 Death's Door             Necr           4%         N/A       100%        9


Dungeon Overview and Level Annotations

Branches:
Dungeon (8/15)             Temple (1/1) D:4
   Lair: D:8-11

Altars:
Cheibriados
Elyvilon
Kikubaaqudgha
Makhleb
Nemelex Xobeh
Okawaru
Sif Muna
Trog
Uskayaw
Vehumet

Annotations:
D:3 Grinder


Innate Abilities, Weirdness & Mutations

Your dull iron-grey scales are very hard. (AC +12)
You are amphibious.
You cannot fit into any form of body armour.
You are cold-blooded and may be slowed by cold attacks.


Message History

You feel sick. The kobold hits you with a +0 dagger.
The wight barely misses you. The wight closely misses you.
The kobold attacks as you move away! The kobold closely misses you.
You feel sick.
You are no longer poisoned.
The wight attacks as you move away! The wight hits you with a +2 flail!
The wight attacks as you move away! The wight closely misses you.
You feel sluggish.
The kobold brigand throws a curare-tipped dart.
The curare-tipped dart barely misses you.
The kobold hits you but does no damage. The wight misses you.
The wight hits you with a +2 flail. The kobold hits you but does no damage.
The wight hits you from afar with a +3 halberd of freezing.
You feel as though you will be slow longer.
The wight freezes you. The wight completely misses you.
The wight attacks as you move away! The wight hits you with a +2 flail!
* * * LOW HITPOINT WARNING * * *
The wight hits you from afar with a +3 halberd of freezing!
* * * LOW HITPOINT WARNING * * *
You feel drained.
* * * LOW HITPOINT WARNING * * *
The wight freezes you.
* * * LOW HITPOINT WARNING * * *
The wight hits you but does no damage.
There is a stone staircase leading up here.
Unknown command.
You feel better.
You start to feel a little faster.
You feel yourself speed up. The wight hits you with a +2 flail.
* * * LOW HITPOINT WARNING * * *
You feel drained.
The wight hits you from afar with a +3 halberd of freezing.
* * * LOW HITPOINT WARNING * * *
You feel drained.
You feel yourself slow down. The wight freezes you.
* * * LOW HITPOINT WARNING * * *
The wight barely misses you. The wight hits you with a +2 flail!
* * * LOW HITPOINT WARNING * * *
You feel drained.
You die...

..........##
....#.#..##
###.#.#K.#
#.###.#.#..#####
#.......Kz......#
.....###..K........#
..# #..zK..######
##.#z##.# #....@#.#
..#####..#.##.#
.........#.##.#
..######.#.##.#
#.#.##.#
######.#.##.#######
.............##<...#
#########.#####.####
#.#####.#


You could see a kobold brigand and 2 wights.

Vanquished Creatures
  3 yaks (D:5)
  Menkaure (D:7)
  A water moccasin (D:6)
  An ice beast (D:4)
  A centaur (D:6)
  2 phantoms
  2 kobold brigands (D:6)
  A necrophage (D:7)
  3 bullfrogs (D:7)
  A gnoll sergeant (D:7)
  4 scorpions
  9 wights
  11 killer bees
  A howler monkey (D:6)
  3 hounds
  Crazy Yiuf (D:5)
  4 jellies
  Jessica (D:3)
  4 orc wizards
  5 iguanas
  3 gnolls (D:7)
  6 adders
  A white imp (D:7)
  An ufetubus (D:5)
  A worm (D:3)
  2 dart slugs
  22 orcs
  8 ball pythons
  3 endoplasms
  3 giant cockroaches
  15 goblins
  6 hobgoblins
  6 jackals (D:3)
  4 quokkas
  6 bats
  4 frilled lizards
  7 kobolds
  A rat (D:1)
158 creatures vanquished.

Vanquished Creatures (others)
  3 fungi (D:5)
3 creatures vanquished.

Grand Total: 161 creatures vanquished

Notes
Turn   | Place    | Note
-------+----------+-------------------------------------------
     0 | D:1      | Gus979 the Draconian Ice Elementalist began the quest for
                  | the Orb.
     0 | D:1      | Reached XP level 1. HP: 14/14 MP: 3/3
   556 | D:1      | Reached XP level 2. HP: 20/20 MP: 5/5
   600 | D:1      | Found a faded altar of an unknown god.
  1583 | D:2      | Reached XP level 3. HP: 26/26 MP: 4/6
  1841 | D:2      | Learned a level 3 spell: Frozen Ramparts
  2516 | D:3      | You fall into a shaft and drop 3 floors!
  2535 | D:6      | Noticed a killer bee
  2541 | D:5      | Entered Level 5 of the Dungeon
  2547 | D:5      | Killed a killer bee
  2548 | D:5      | Reached skill level 1 in Fighting
  2548 | D:5      | Reached skill level 1 in Maces & Flails
  2548 | D:5      | Reached skill level 5 in Ice Magic
  2548 | D:5      | Reached XP level 4. HP: 11/35 MP: 1/8
  2892 | D:5      | Reached XP level 5. HP: 40/40 MP: 5/9
  2977 | D:3      | Noticed Jessica
  2983 | D:3      | Killed Jessica
  3286 | D:3      | Noticed Grinder
  3296 | D:3      | Learned a level 3 spell: Ozocubu's Armour
  3327 | D:3      | Paralysed by Grinder for 3 turns
  3333 | D:3      | Paralysed by Grinder for 5 turns
  3344 | D:3      | Paralysed by Grinder for 3 turns
  4066 | D:4      | Reached XP level 6. HP: 40/48 MP: 5/11
  4080 | D:4      | Noticed an ice beast
  4119 | D:4      | Killed an ice beast
  4537 | D:4      | Reached skill level 6 in Ice Magic
  4544 | D:4      | Found a staircase to the Ecumenical Temple.
  4551 | Temple   | Entered the Ecumenical Temple
  4573 | Temple   | Became a worshipper of Sif Muna the Loreminder
  5105 | D:5      | Noticed a yak
  5106 | D:5      | Noticed a yak
  5107 | D:5      | Noticed a yak
  5112 | D:5      | Your scales start taking on a dull iron-grey colour.
  5112 | D:5      | Reached XP level 7. HP: 55/56 MP: 6/13
  5116 | D:5      | Killed a yak
  5123 | D:5      | Killed a yak
  5127 | D:5      | Killed a yak
  5331 | D:5      | Found a sparkling altar of Nemelex Xobeh.
  5501 | D:5      | Reached XP level 8. HP: 63/63 MP: 15/15
  5505 | D:5      | Learned a level 3 spell: Swiftness
  5807 | D:5      | Found a runed translucent door.
  5812 | D:5      | Noticed Crazy Yiuf
  5821 | D:5      | Killed Crazy Yiuf
  5822 | D:5      | Reached skill level 7 in Ice Magic
  6062 | D:6      | Reached skill level 5 in Spellcasting
  6062 | D:6      | Reached skill level 1 in Invocations
  6155 | D:5      | Reached skill level 1 in Polearms
  6452 | D:6      | Reached skill level 1 in Air Magic
  6801 | D:6      | Reached * piety under Sif Muna
  7286 | D:6      | Reached XP level 9. HP: 71/72 MP: 13/17
  7507 | D:6      | Reached skill level 8 in Ice Magic
  8103 | D:7      | Learned a level 6 spell: Death Channel
  8252 | D:7      | Noticed Menkaure
  8261 | D:7      | Killed Menkaure
  8262 | D:7      | Reached skill level 5 in Fighting
  8429 | D:7      | Reached ** piety under Sif Muna
  8587 | D:7      | Found an iron altar of Okawaru.
  9172 | D:8      | Reached skill level 1 in Necromancy
  9209 | D:8      | HP: 3/67 [wight/+2 flail (7)]
  9209 | D:8      | Slain by a wight

Illustrated notes

Levels and vault maps discovered:
D:1:      dpeg_arrival_renting, layout_basic,
          dreamdust_ecumenical_altar_angels_and_demons, minmay_curled_crystal
D:2:      layout_rooms, serial_forest, infiniplex_forest_fountain,
          infiniplex_forest_clump_curved, infiniplex_forest_clump_diagonal,
          infiniplex_forest_lined_1, infiniplex_forest_straight_3,
          infiniplex_forest_straight_3, minivault_11
D:3:      layout_loops_corners, uniq_grinder, uniq_jessica
D:4:      layout_basic, minmay_temple_entry_junction_2
D:5:      layout_loops_ring, general_overflow_altar, st_stairs_2,
          kennysheep_doodads, nicolae_concentric_dashed_squares_wild,
          uniq_crazy_yiuf_cottage
D:6:      layout_gridville, dk_vineyard_3, minmay_unpleasant_kobolds
D:7:      layout_loops_corners, kennysheep_okawaru_gauntlet, uniq_menkaure
D:8:      layout_basic, erik_lair_island
Temple:   regret_index_temple_chain_breaker

Skill      XL: |  1  2  3  4  5  6  7  8  9 |
---------------+----------------------------+-----
Fighting       | 1 2 3 4 5 |  5.4
Maces & Flails | 1 2 3 |  3.9
Ice Magic      | 5 6 7 8 |  8.6
Spellcasting   | 3 4 5 6 |  6.0
Invocations    | 2 3 |  3.8
Polearms       | 2 4 |  4.3
Air Magic      | 1 2 |  2.7
Necromancy     | 1 |  1.0
Dodging        | |  1.7
Stealth        | |  1.7

Action                   |  1- 3 |  4- 6 |  7- 9 || total
-------------------------+-------+-------+-------++-------
Melee: Mace              |    94 |    48 |       ||   142
       Tailslap          |     5 |    16 |    36 ||    57
       Punch             |     1 |     3 |     5 ||     9
       Flail             |       |    59 |    33 ||    92
       Spear             |       |       |   216 ||   216
Throw: Dart              |       |     1 |       ||     1
 Cast: Freeze            |    22 |    10 |     2 ||    34
       Frozen Ramparts   |     3 |    11 |    20 ||    34
       Ozocubu's Armour  |       |     5 |    18 ||    23
       Swiftness         |       |       |     5 ||     5
  Use: Potion            |       |     4 |     4 ||     8
       Scroll            |       |     1 |     7 ||     8
 Stab: Sleeping          |     3 |     2 |     4 ||     9
       Distracted        |       |       |     2 ||     2
Armor: Skin              |    54 |    58 |    94 ||   206
Dodge: Dodged            |   100 |    93 |   155 ||   348

Table legend: (Time is in decaauts)
 A = Elapsed time spent in this place.
 B = Non-inter-level travel time spent in this place.
 C = Inter-level travel time spent in this place.
 D = Time resting spent in this place.
 E = Time spent auto-exploring this place.
 F = Levels seen in this place.
 G = Mean time per level.
                   A        B        C        D        E       F      G
               +--------+--------+--------+--------+--------+-----+--------+
         Total |   9275 |   8906 |    369 |    241 |   7179 |   9 | 1030.6 |
       Dungeon |   9231 |   8893 |    338 |    241 |   7173 |   8 | 1153.9 |
        Temple |     43 |     12 |     31 |      0 |      6 |   1 |   43.0 |
               +--------+--------+--------+--------+--------+-----+--------+

Top non-repeatable levels by time:
     D:5: 1614 daAuts
     D:6: 1585 daAuts
     D:3: 1369 daAuts
     D:7: 1259 daAuts
     D:2: 1148 daAuts
     D:1: 1146 daAuts
     D:4: 1001 daAuts
     D:8: 105 daAuts
  Temple: 43 daAuts
